 Dungeon Crawl Stone Soup version 0.30-a0-739-gea05faddec (webtiles) character file.

Game seed: 10468674257361804961

128 avis the Shooter (level 4, 0/38 HPs)
             Began as a Demigod Hunter on Feb 4, 2023.
             Slain by a hobgoblin (4 damage)
             ... led by Robin
             ... on level 3 of the Dungeon.
             The game lasted 00:09:30 (1971 turns).

avis the Shooter (Demigod Hunter)                   Turns: 1971, Time: 00:09:30

Health: 0/38       AC:  3    Str: 12    XL:     4   Next: 58%
Magic:  6/6        EV: 13    Int: 11    God:
Gold:   88         SH:  0    Dex: 21    Spells: 3/3 levels left

rFire   . . .      SeeInvis .    a - +0 shortbow
rCold   . . .      Faith    .    (shield currently unavailable)
rNeg    . . .      Spirit   .    c - +0 leather armour
rPois   .          Reflect  .    (no helmet)
rElec   .          Harm     .    (no cloak)
rCorr   .          Rampage  .    (no gloves)
Will    .....                    (no boots)
Stlth   ++                       (no amulet)
HPRegen 0.26/turn                (no ring)
MPRegen 0.10/turn                (no ring)

@: no status effects
A: high MP 1, forlorn, divine attributes
a: no special abilities


You were on level 3 of the Dungeon.
You visited 1 branch of the dungeon, and saw 3 of its levels.

You collected 88 gold pieces.

Inventory:

Hand Weapons
 a - a +0 shortbow (weapon)
 b - a +0 short sword
Armour
 c - a +0 leather armour (worn)
Jewellery
 j - a +4 ring of protection
Scrolls
 d - a scroll of immolation
 f - a scroll of brand weapon {unknown}
 h - a scroll of blinking {unknown}
Potions
 e - 2 potions of flight {unknown}
 g - a potion of invisibility {unknown}
 i - 2 potions of brilliance {unknown}


   Skills:
 - Level 3.0 Fighting
 * Level 4.1 Ranged Weapons
 - Level 3.0 Dodging
 - Level 2.0 Stealth


You had 3 spell levels left.
You didn't know any spells.
Your spell library was empty.

Dungeon Overview and Level Annotations

Branches:
Dungeon (3/15)

Shops:
D:2 :

Annotations:
D:3 Robin


Innate Abilities, Weirdness & Mutations

You have an increased reservoir of magic. (+10% MP)
You shall have no god before yourself.
Your divine heritage dramatically boosts your attributes as you level up.


Message History

The magic dart hits you! The bat hits you but does no damage.
Fire: a) +0 shortbow
Press: ? - help, Q - select action Shift-Dir - straight line You shoot an arrow.
The arrow hits the orc.
The orc is heavily wounded.
The bat closely misses you. The bat barely misses you.
Robin of the Strong Arm comes into view.
They are wielding a +0 short sword.
The bat misses you.
Fire: a) +0 shortbow
Press: ? - help, Q - select action Shift-Dir - straight line, f - hobgoblin
Aim: a hobgoblin (65% to hit)
You shoot an arrow.
The arrow hits the hobgoblin but does no damage.
The bat closely misses you.
You hear some strange, mumbled words.
A puff of flame appears from out of thin air!
The puff of flame hits you.
Robin roars a battlecry!
The goblins go into a battle-frenzy!
You hear some strange, mumbled words.
Something tries to affect you, but you resist.
Fire: a) +0 shortbow
Press: ? - help, Q - select action Shift-Dir - straight line, p - hobgoblin You shoot an arrow.
Something hits you. The bat hits you but does no damage.
Robin throws the goblin at you!
Fire: a) +0 shortbow
Press: ? - help, Q - select action Shift-Dir - straight line You shoot an arrow.
The bat barely misses you. The bat closely misses you.
A hobgoblin comes into view.
Something hits you but does no damage. The goblin hits you with a +0 club.
* * * LOW HITPOINT WARNING * * *
The goblin attacks as you move away! The goblin hits you with a +0 club.
* * * LOW HITPOINT WARNING * * *
Something hits you but does no damage.
A hobgoblin comes into view.
The bat hits you but does no damage. The hobgoblin hits you.
You die...

..# .# # ..#.#
#.#§..
##§§.######.# ##
#...<......#. ..#
#.#.......#.##..#
#.............#
#.........g...#
#.....†.#@# g##
........#.###.....
#.##...>gb.gBog...
..........########
...$###.#
###.###.####
...........#
....###.##.#
........# #


You could see a hobgoblin (strong), a goblin (strong) and a bat.

Vanquished Creatures
  Terence (D:2)
  Natasha (D:3)
  A gnoll (D:1)
  2 adders (D:2)
  3 dart slugs (D:1)
  2 orcs (D:3)
  3 ball pythons
  3 bats
  3 endoplasms
  A giant cockroach (D:1)
  3 goblins (D:1)
  2 hobgoblins
  2 jackals (D:1)
  5 quokkas (D:1)
  4 kobolds
  7 rats
43 creatures vanquished.

Notes
Turn   | Place    | Note
-------+----------+-------------------------------------------
     0 | D:1      | avis the Demigod Hunter began the quest for the Orb.
     0 | D:1      | Reached XP level 1. HP: 17/17 MP: 3/3
    96 | D:1      | Reached skill level 4 in Ranged Weapons
    98 | D:1      | Reached XP level 2. HP: 24/24 MP: 4/4
   574 | D:1      | Reached XP level 3. HP: 29/29 MP: 5/5
   710 | D:1      | Reached skill level 1 in Stealth
   893 | D:2      | Found Tutraeck's Vocational Training.
  1367 | D:2      | Noticed Terence
  1376 | D:2      | Killed Terence
  1377 | D:2      | Reached XP level 4. HP: 26/37 MP: 6/6
  1855 | D:3      | Noticed Natasha
  1880 | D:3      | Killed Natasha
  1966 | D:3      | Noticed Robin
  1971 | D:3      | Slain by a hobgoblin

Illustrated notes

Levels and vault maps discovered:
D:1:      saegor_arrival_simple_b, layout_basic
D:2:      layout_basic, dreamdust_princess_corridor, nicolae_shop_vocational,
          uniq_terence
D:3:      cheibrodos_helix_gallery, layout_loops_ring, trog_wizard,
          amcnicky_altar_gilded, uniq_natasha, uniq_robin

Skill      XL: |  1  2  3  4 |
---------------+-------------+-----
Fighting       | 2 3 |  3.0
Ranged Weapons | 4 |  4.1
Dodging        | 2 3 |  3.0
Stealth        | 2 |  2.0

Action                     |  1- 3 |  4- 6 || total
---------------------------+-------+-------++-------
   Fire: Shortbow          |   109 |    29 ||   138
 Armour: Leather armour    |    13 |     9 ||    22
  Dodge: Dodged            |    48 |    19 ||    67

Table legend: (Time is in decaauts)
 A = Elapsed time spent in this place.
 B = Non-inter-level travel time spent in this place.
 C = Inter-level travel time spent in this place.
 D = Time resting spent in this place.
 E = Time spent auto-exploring this place.
 F = Levels seen in this place.
 G = Mean time per level.
                   A        B        C        D        E       F      G
               +--------+--------+--------+--------+--------+-----+--------+
         Total |   2021 |   1722 |    299 |    156 |   1197 |   3 |  673.7 |
       Dungeon |   2021 |   1722 |    299 |    156 |   1197 |   3 |  673.7 |
               +--------+--------+--------+--------+--------+-----+--------+

Top non-repeatable levels by time:
     D:2: 1019 daAuts
     D:1: 947 daAuts
     D:3: 54 daAuts
